 Dungeon Crawl Stone Soup version 0.17.0-8-gb983d21 (webtiles) character file.

515 SuSavage the Shield-Bearer (level 7, -5/62 HPs)
             Began as a Deep Dwarf Fighter on Nov 9, 2015.
             Was an Initiate of Yredelemnul.
             Slain by a troll (9 damage)
             ... on level 5 of the Dungeon.
             The game lasted 00:41:59 (3314 turns).

SuSavage the Shield-Bearer (Deep Dwarf Fighter)     Turns: 3314, Time: 00:42:00

Health: -5/62      AC:  7    Str: 22    XL:     7   Next: 0%
Magic:  0/5        EV:  9    Int: 13    God:    Yredelemnul [......]
Gold:   219        SH: 10    Dex: 12    Spells: 0 memorised, 6 levels left

rFire  . . .     SeeInvis .     a - +0 war axe
rCold  . . .     Clarity  .     b - +0 scale mail
rNeg   . . .     SustAt   .     c - +0 shield
rPois  .         Gourm    .     (no helmet)
rElec  .         Spirit   +     (no cloak)
rCorr  .         Warding  .     (no gloves)
rMut   .         Stasis   .     (no boots)
MR     +....                    h - amulet of guardian spirit
Stlth  ..........               (no ring)
                                n - +5 ring of intelligence

@: non-regenerating, drained, somewhat resistant to hostile enchantments,
extremely unstealthy
A: damage resistance, recharge devices, sense surroundings 1, slow regeneration
3
a: Device Recharging, Renounce Religion


You were on level 5 of the Dungeon.
You worshipped Yredelemnul.
Yredelemnul was noncommittal.
You were full.

You visited 1 branch of the dungeon, and saw 5 of its levels.

You collected 219 gold pieces.

Inventory:

Hand Weapons
 a - a +0 war axe (weapon)
Missiles
 p - 3 poisoned tomahawks (quivered)
Armour
 b - a +0 scale mail (worn)
 c - a +0 shield (worn)
 i - a +0 ring mail
 o - a +0 chain mail
 q - a +1 cloak
 s - a +0 ring mail
 t - a cursed +0 cloak
Jewellery
 h - an amulet of guardian spirit (around neck)
 n - a +5 ring of intelligence (left hand)
Wands
 e - a wand of heal wounds (4)
 j - a wand of disintegration (0)
 m - a wand of cold (2)
Potions
 d - a potion of might
 g - a potion of ambrosia


   Skills:
 + Level 3.3 Fighting
 + Level 3.6(3.5) Axes
 + Level 0.6 Throwing
 + Level 4.6(4.5) Armour
 + Level 3.6(3.5) Dodging
 + Level 0.6 Stealth
 + Level 5.5(5.4) Shields
 + Level 1.1 Evocations


You had 6 spell levels left.
You didn't know any spells.

Dungeon Overview and Level Annotations

Branches:
Dungeon (5/15)
 Temple: D:4-7

Altars:
Ashenzari
Elyvilon
Kikubaaqudgha
Makhleb
Nemelex Xobeh
Trog
Xom
Yredelemnul


Innate Abilities, Weirdness & Mutations

You are resistant to damage.
You can recharge devices by infusing magical energy.
You passively map a small area around you.
You do not regenerate naturally.


Message History

You block the troll's attack.
Zapping:
e - a wand of heal wounds (5)
Press: ? - help, Shift-Dir - straight line, f - you, p - troll You feel much better.
This wand has 4 charges left.
The troll bites you! The troll claws you. x2
You see here a scroll labeled FINUGO MASSE.
Zapping:
m - a wand of cold (3)
Press: ? - help, Shift-Dir - straight line, f - troll
Aim: a troll The bolt of cold hits the troll.
The troll is moderately wounded.
This wand has 2 charges left.
The troll bites you. You block the troll's attack. x2
A crimson imp comes into view.
The crimson imp shouts!
The troll bites you!
* * * LOW HITPOINT WARNING * * *
You block the troll's attack. The troll claws you!
You die...
Your body rises from the dead as a mindless zombie.

* , * * * * , , , , *
* ###########*
*.########..........
.5......#.......... *
#####.#..........
#....T@.?........ *
#.###.#.#.#..#### #.#
#.#...#...... #.#
#.#.#?#...#.. ,
#.###.#.#......# , ,
#..##.#.........#
#####..##.#.#...#...#
#.......(...........#
,
###########.#...#.#.#


You could see a troll.

Vanquished Creatures
  The ghost of yokelz the Conjurer, an amateur HECj (D:4)
  A crimson imp (D:3)
  3 orc priests
  Crazy Yiuf (D:4)
  2 iguanas
  A worker ant (D:4)
  3 adders
  A gnoll (D:1)
  An ooze (D:1)
  4 worms
  An adder skeleton (D:4)
  11 orcs
  2 ball pythons (D:3)
  3 giant cockroaches
  2 goblins
  4 hobgoblins
  9 jackals
  5 kobolds
  3 quokkas
  A bat (D:3)
  3 giant newts
  6 rats
68 creatures vanquished.

Notes
Turn   | Place    | Note
--------------------------------------------------------------
     0 | D:1      | SuSavage the Deep Dwarf Fighter began the quest for the Orb.
     0 | D:1      | Reached XP level 1. HP: 20/20 MP: 1/1
   204 | D:1      | Reached XP level 2. HP: 20/27 MP: 2/2
   409 | D:1      | Reached skill level 4 in Shields
   584 | D:1      | Reached XP level 3. HP: 20/34 MP: 3/3
   952 | D:3      | Reached skill level 1 in Dodging
   952 | D:3      | Reached XP level 4. HP: 38/42 MP: 4/4
  1642 | D:3      | Found an ancient bone altar of Kikubaaqudgha.
  1740 | D:3      | Found a shimmering altar of Xom.
  1744 | D:3      | Found a burning altar of Makhleb.
  1786 | D:3      | Reached XP level 5. HP: 37/49 MP: 0/5
  1978 | D:4      | Found a sparkling altar of Nemelex Xobeh.
  2297 | D:4      | Found a white marble altar of Elyvilon.
  2356 | D:4      | Reached skill level 5 in Shields
  2447 | D:4      | Found a shattered altar of Ashenzari.
  2524 | D:4      | Found a bloodstained altar of Trog.
  2524 | D:4      | Found a basalt altar of Yredelemnul.
  2540 | D:4      | Became a worshipper of Yredelemnul the Dark
  2649 | D:4      | Reached XP level 6. HP: 42/56 MP: 0/6
  2739 | D:4      | Reached skill level 1 in Evocations
  2781 | D:4      | Noticed yokelz's ghost (amateur HECj)
  2822 | D:4      | Killed yokelz's ghost
  2963 | D:4      | Noticed Crazy Yiuf
  2983 | D:4      | Killed Crazy Yiuf
  3191 | D:5      | Entered Level 5 of the Dungeon
  3238 | D:5      | Reached XP level 7. HP: 34/62 MP: 0/5
  3283 | D:5      | Noticed a troll
  3314 | D:5      | Slain by a troll

Action                   |  1- 3 |  4- 6 |  7- 9 || total
-------------------------+-------+-------+-------++-------
Melee: War axe           |   109 |   226 |     4 ||   339
Throw: Tomahawk          |       |     5 |       ||     5
 Abil: Device Recharging |       |     2 |       ||     2
Evoke: Wand              |       |    12 |     3 ||    15
  Use: Scroll            |     4 |     6 |       ||    10
       Potion            |     2 |     2 |     2 ||     6
  Eat: Bread ration      |       |     1 |     1 ||     2
       Pizza             |       |     1 |     1 ||     2
       Beef jerky        |       |     1 |       ||     1
